 Seeded DCSS version 0.27.1 (webtiles) character file.

Game seed: 11622277796027923724 (custom seed)

116265 voltaire321 the Tortoise (level 16, -77/149 HPs)
             Began as a Minotaur Fighter on Aug 24, 2021.
             Was the Champion of Makhleb.
             Killed from afar by Nikola (112 damage)
             ... with an arc of chain lightning
             ... on level 1 of the Swamp on Aug 25, 2021.
             The game lasted 01:06:02 (25375 turns).

voltaire321 the Tortoise (Minotaur Fighter)        Turns: 25375, Time: 01:06:02

Health: -77/149    AC: 30    Str: 27    XL:     16   Next: 20%
Magic:  0/23       EV: 16    Int:  6    God:    Makhleb [******]
Gold:   305        SH: 14    Dex: 13    Spells: 15/15 levels left

rFire    + . .     SeeInvis .   W - +8 mithril axe "Arga" {speed, Will+}
rCold    + . .     Faith    .   c - +0 kite shield
rNeg     . . .     Spirit   +   l - +8 chain mail "Zaoryalu" {rF+ Will+ Slay+5}
rPois    .         Reflect  .   (helmet restricted)
rElec    .         Harm     .   N - +0 cloak
rCorr    .         Rampage  ∞   Y - +1 pair of gloves {Str+3}
Will     +++..                  B - +3 pair of seven-league boots {Rampage+∞}
Stlth    ..........             o - amulet of guardian spirit
HPRegen  0.34/turn              g - ring of protection from cold
MPRegen  0.18/turn              q - +4 ring of evasion

@: very slow
A: horns 2, retaliatory headbutt
a: Renounce Religion, Minor Destruction, Lesser Servant of Makhleb, Major
Destruction, Greater Servant of Makhleb


You were on level 1 of the Swamp.
You worshipped Makhleb.
Makhleb was exalted by your worship.
You visited 5 branches of the dungeon, and saw 25 of its levels.
You also visited: Ice Cave and Volcano.

You collected 2623 gold pieces.
You spent 2318 gold pieces at shops.

Inventory:

Hand Weapons
 G - a +4 broad axe of flaming
 W - the +8 mithril axe "Arga" (weapon) {speed, Will+}
   (You bought it in a shop on level 1 of the Dungeon)

   Attacks with this weapon are significantly faster.
   Will:      It increases your willpower.
Missiles
 e - 125 poisoned darts (quivered)
 j - 7 datura-tipped darts
 r - a throwing net
 s - 8 javelins
 x - 2 curare-tipped darts
 L - 22 boomerangs
Armour
 c - a +0 kite shield (worn)
 l - the +8 chain mail "Zaoryalu" (worn) {rF+ Will+ Slay+5}
   (You found it on level 3 of the Lair of Beasts)

   Slay:      It affects your accuracy & damage with ranged weapons and melee
   (+5).
   rF:        It protects you from fire.
   Will:      It increases your willpower.
 B - the +3 pair of seven-league boots (worn) {Rampage+∞}
   (You acquired it on level 4 of the Lair of Beasts)

   Its wearer moves as far as possible in that direction when moving towards
   enemies.
 H - +0 swamp dragon scales
 N - a +0 cloak (worn)
 Y - a +1 pair of gloves of strength (worn)
Jewellery
 g - a ring of protection from cold (left hand)
 o - an amulet of guardian spirit (around neck)
 q - a +4 ring of evasion (right hand)
 U - a ring of resist corrosion
 V - a ring of protection from cold
Wands
 k - a wand of flame (36)
 u - a wand of paralysis (20)
 w - a wand of charming (18)
 y - a wand of iceblast (41)
 K - a wand of acid (7)
 O - a wand of polymorph (8)
Scrolls
 a - a scroll of holy word
 b - 4 scrolls of enchant armour
 f - 2 scrolls of amnesia
 h - 8 scrolls of teleportation
 i - a scroll of silence
 z - 4 scrolls of fear
 F - 3 scrolls of fog
 R - 2 scrolls of magic mapping
Potions
 d - 3 potions of invisibility
 m - a potion of mutation
 n - 3 potions of cancellation
 p - 7 potions of lignification
 t - 9 potions of curing
 A - 3 potions of berserk rage
 C - 3 potions of resistance
 D - 3 potions of magic
 I - 8 potions of haste
 J - 4 potions of brilliance
 M - a potion of ambrosia
 P - 3 potions of heal wounds
 S - 2 potions of might
 T - 3 potions of flight


   Skills:
 + Level 15.1 Fighting
 + Level 15.1 Axes
 - Level 6.0 Throwing
 + Level 15.2 Armour
 + Level 7.7 Dodging
 - Level 15.0 Shields
 + Level 11.9 Invocations


You had 15 spell levels left.
You didn't know any spells.
Your spell library contained the following spells:

 Spells                   Type           Power      Damage    Failure   Level
 Freeze                   Ice            0%         1d3       87%         1
 Magic Dart               Conj           0%         1d3       87%         1
 Shock                    Conj/Air       0%         1d3       87%         1
 Summon Small Mammal      Summ           0%         N/A       87%         1
 Call Imp                 Summ           0%         N/A       95%         2
 Call Canine Familiar     Summ           0%         N/A       99%         3
 Frozen Ramparts          Ice            0%         1d2       99%         3
 Inner Flame              Hex/Fire       0%         N/A       99%         3
 Mephitic Cloud           Conj/Pois/Air  0%         N/A       99%         3
 Summon Guardian Golem    Hex/Summ       0%         N/A       99%         3
 Swiftness                Air            0%         N/A       99%         3
 Airstrike                Air            0%         N/A       100%        4
 Cause Fear               Hex            0%         N/A       100%        4
 Hailstorm                Conj/Ice       0%         3d3       100%        4
 Ice Form                 Ice/Tmut       0%         N/A       100%        4
 Leda's Liquefaction      Hex/Erth       0%         N/A       100%        4
 Summon Ice Beast         Ice/Summ       0%         N/A       100%        4
 Bolt of Magma            Conj/Fire/Erth 0%         4d4       100%        5
 Statue Form              Tmut/Erth      0%         N/A       100%        6
 Discord                  Hex            0%         N/A       100%        8


Dungeon Overview and Level Annotations

Branches:
Dungeon (15/15)            Temple (1/1) D:7            Lair (6/6) D:8
  Swamp (1/4) Lair:3       Spider (0/4) Lair:3        Slime (0/5) Lair:6
    Orc (2/2) D:10            Elf (0/3) Orc:2        Vaults (0/5) D:13
 Depths (0/5) D:15          IceCv (visited)         Volcano (visited)

Altars:
Ashenzari
Cheibriados
Dithmenos
Elyvilon
Fedhas
Gozag
Hepliaklqana
Kikubaaqudgha
Makhleb
Nemelex Xobeh
Okawaru
Qazlal
Ru
Sif Muna
Trog
Uskayaw
Vehumet
Wu Jian
Xom
Yredelemnul
Zin
The Shining One
Beogh

Shops:
D:1 (   D:13 *   Orc:2 [((*

Annotations:
D:15 1 runed translucent door
Lair:2 exclusion: 3 oklob plants
Lair:4 exclusion: oklob plant
Lair:6 exclusion: 3 oklob plants
Swamp:1 Nikola
Orc:1 exclusion: oklob plant


Innate Abilities, Weirdness & Mutations

You have a pair of horns on your head.
You reflexively headbutt those who attack you in melee.


Message History

You feel extremely sick.
You feel better.
You start resting.
Nikola the Mad Inventor comes into view.
He is wielding a +1 rapier of electrocution and wearing a +0 cloak of poison resistance.
Nikola casts a spell at you. The bolt of lightning hits you!
* * * LOW HITPOINT WARNING * * *
Okay, then.
You feel much better.
Nikola mumbles some strange words.
Lightning arcs from Nikola's hands!
You enter the shallow water.
Moving in this stuff is going to be slow.
You enter the shallow water.
Moving in this stuff is going to be slow.
Nikola casts a spell.
Lightning arcs from Nikola's hands!
The bolt of lightning hits you!!!
* * * LOW HITPOINT WARNING * * *
Okay, then.
As you read the scroll of teleportation, it crumbles to dust.
You feel strangely unstable.
Your surroundings suddenly seem different.
You block Nikola's attack.
You barely miss Nikola. Nikola misses you. You furiously retaliate!
You headbutt Nikola, but do no damage. You slash Nikola! You headbutt Nikola!
Nikola is lightly wounded.
You block Nikola's attack.
You slice Nikola!!
Nikola is lightly wounded.
You slash Nikola!
Nikola is moderately wounded.
Nikola casts a spell.
Nikola blinks!
You enter the shallow water.
Moving in this stuff is going to be slow.
Nikola mumbles some strange words.
Lightning arcs from Nikola's hands!
The bolt of lightning hits you!!!!
Ouch! That really hurt!
You die...

♣♣≈♣ ♣.≈≈.♣ ♣≈>♣ ..≈♣
♣.♣≈.. ♣≈.♣♣ ♣.≈≈♣ ♣♣>≈.♣♣
♣♣.≈≈♣ ♣.≈≈♣ ♣≈≈§≈♣♣ ♣..≈♣♣
♣≈≈≈♣ ♣≈≈≈.♣♣ ♣♣.≈..♣♣♣
♣≈.≈♣♣♣.≈.♣♣♣ ♣♣..≈≈≈.§♣♣
♣≈≈♣♣.≈≈.♣ ♣
♣..≈≈.♣.§.♣♣♣♣§≈.♣§≈.♣♣ ♣
♣...♣≈..♣.@.≈≈≈.≈...≈...♣ ♣
...♣♣♣♣.♣≈.♣.≈@≈≈♣♣..§≈≈.♣♣
♣ .♣ ♣♣.♣.≈..≈≈§≈.≈.≈..♣♣ ♣
♣♣♣♣♣♣♣≈....♣♣♣...♣ ♣
♣♣...♣♣ ♣♣≈≈≈♣ ♣....♣
♣♣.≈.♣ ♣≈..♣♣ ♣♣♣≈♣ ♣?.♣♣
♣♣ ♣♣♣♣


You could see Nikola.

Vanquished Creatures
  Rupert (Lair:4)
  A lich (D:15)
  Kirke (D:14)
  The ghost of MadAsgardian the Grappler, a journeyman TrMo of Makhleb (D:15)
  An orc warlord (Orc:2)
  3 bunyips (Swamp:1)
  A red draconian (Volcano)
  The ghost of ZARRMARR the Protected, a journeyman MiBe of Trog (D:12)
  An ettin (Orc:1)
  Josephine (D:11)
  11 hydras
  5 vault guards (D:13)
  3 catoblepae (Lair:6)
  The ghost of DemonSlayer the Cleaver, a journeyman HuBe of Trog (D:9)
  3 two-headed ogres
  7 centaur warriors
  2 alligators
  A deep troll earth mage (D:15)
  10 death yaks
  A shock serpent (D:12)
  A vampire mage (D:15)
  Urug (Lair:4)
  2 deep elf knights (D:13)
  A spriggan (Swamp:1)
  A fire crab (Lair:5)
  A swamp dragon (Swamp:1)
  2 skeletal warriors (D:15)
  A flayed ghost (D:15)
  A wizard (D:13)
  A goliath frog (Swamp:1)
  A lindwurm (Orc:2)
  A spriggan druid (Swamp:1)
  3 bog bodies (Lair:3)
  2 orc knights
  2 deep elf pyromancers (D:12)
  2 necromancers (D:15)
  A harpy (shapeshifter) (D:14)
  A fire giant zombie (D:15)
  2 orc sorcerers
  8 ugly things
  3 cyclopes
  3 manticores
  2 ice statues (IceCv)
  2 black mambas (Lair:4)
  8 elephants
  24 cane toads
  2 unseen horrors (D:12)
  A gargoyle (D:14)
  A torpor snail (Lair:5)
  A rime drake (Lair:4)
  15 komodo dragons
  A kobold demonologist (D:13)
  Maggie (D:9)
  An efreet (D:15)
  A freezing wraith (IceCv)
  2 tengu conjurers (D:15)
  3 yaktaurs (Volcano)
  3 trolls
  A bloated husk (Swamp:1)
  A spriggan zombie (D:15)
  17 slime creatures
  A polar bear (Lair:6)
  2 hornets
  5 raiju (D:12)
  4 tyrant leeches (Swamp:1)
  10 dream sheep
  19 blink frogs
  Sigmund (D:2)
  3 wyverns
  A shadow (D:11)
  A redback (Lair:3)
  2 vampires
  36 yaks
  7 basilisks
  Grum (Lair:1)
  9 wraiths
  7 hogs (D:14)
  4 vampire mosquitoes (Swamp:1)
  A tengu zombie (D:15)
  2 steam dragons
  Edmund (D:6)
  3 wargs
  A swamp worm (Lair:3)
  A harpy simulacrum (D:15)
  2 acid dragons
  A tengu skeleton (D:15)
  13 water moccasins
  A hornet zombie (D:6)
  24 orc warriors
  3 sky beasts
  5 black bears
  A necrophage (D:4)
  3 boggarts (D:15)
  6 ogres
  23 wolves
  16 centaurs
  3 phantoms
  2 kobold brigands
  11 bullfrogs
  2 scorpions (D:8)
  A killer bee (D:8)
  4 troll zombies (D:10)
  4 electric eels
  9 howler monkeys
  A bullfrog zombie (D:6)
  4 centaur zombies
  5 hounds
  A jelly (D:7)
  A gnoll shaman (D:8)
  29 orc priests
  A centaur skeleton (D:7)
  11 iguanas
  20 orc wizards
  5 hell rats (Lair:6)
  A polar bear simulacrum (IceCv)
  2 wolf simulacra (IceCv)
  A killer bee zombie (D:8)
  4 ogre zombies (D:10)
  A hound skeleton (D:5)
  A hound zombie (D:5)
  A howler monkey zombie (D:6)
  4 gnolls
  7 adders
  12 river rats (Lair:6)
  A shadow imp (D:6)
  14 white imps
  An adder skeleton (D:4)
  2 worms (D:2)
  2 dart slugs
  89 orcs
  6 endoplasms
  4 giant cockroaches
  9 goblins
  13 hobgoblins
  2 jackals (D:3)
  5 quokkas
  8 ball pythons
  6 bats
  21 frilled lizards
  3 goblin skeletons (D:10)
  3 goblin zombies (D:10)
  2 hobgoblin skeletons (D:10)
  3 hobgoblin zombies (D:10)
  9 kobolds
  3 orc skeletons (D:10)
  11 orc zombies (D:10)
  5 rats
774 creatures vanquished.

Vanquished Creatures (others)
  A will-o-the-wisp (Swamp:1)
  A tyrant leech (Swamp:1)
  A vampire (D:15)
  A centaur (Volcano)
  62 fungi
  61 plants
  2 withered plants (D:15)
129 creatures vanquished.

Grand Total: 903 creatures vanquished

Notes
Turn   | Place    | Note
-------+----------+-------------------------------------------
     0 | D:1      | voltaire321 the Minotaur Fighter began the quest for the
                  | Orb.
     0 | D:1      | Reached XP level 1. HP: 19/19 MP: 0/0
    37 | D:1      | Found Lafag's Antique Weapon Shoppe.
   225 | D:1      | Reached XP level 2. HP: 27/27 MP: 1/1
   343 | D:1      | Reached skill level 1 in Throwing
   353 | D:1      | Reached XP level 3. HP: 31/33 MP: 2/2
   830 | D:2      | Noticed Sigmund
   852 | D:2      | HP: 1/33 [something (6)]
   853 | D:2      | Killed Sigmund
   854 | D:2      | Reached XP level 4. HP: 2/41 MP: 3/3
   854 | D:2      | Reached XP level 5. HP: 2/47 MP: 4/4
  1175 | D:2      | Found a faded altar of an unknown god.
  1349 | D:2      | Found a blossoming altar of Fedhas.
  1662 | D:3      | Reached XP level 6. HP: 55/55 MP: 5/5
  1829 | D:3      | Found a bloodstained altar of Trog.
  1869 | D:3      | Reached skill level 5 in Armour
  1869 | D:3      | Reached skill level 5 in Shields
  1958 | D:3      | Found an ancient bone altar of Kikubaaqudgha.
  1996 | D:3      | Reached skill level 5 in Fighting
  2606 | D:4      | Noticed an acid dragon
  2633 | D:4      | Killed an acid dragon
  2634 | D:4      | Reached XP level 7. HP: 21/61 MP: 1/6
  3236 | D:5      | Entered Level 5 of the Dungeon
  3606 | D:5      | Reached skill level 5 in Axes
  4032 | D:6      | Reached XP level 8. HP: 38/70 MP: 2/7
  4215 | D:6      | Found a hide-covered altar of Uskayaw.
  4526 | D:6      | Noticed Edmund
  4540 | D:6      | Killed Edmund
  4905 | D:6      | Noticed a hornet
  4924 | D:6      | Killed a hornet
  5345 | D:7      | Found a white marble altar of Elyvilon.
  5464 | D:7      | Found a shimmering blue altar of Sif Muna.
  5568 | D:7      | Reached skill level 5 in Throwing
  5638 | D:7      | Reached XP level 9. HP: 77/79 MP: 8/8
  5684 | D:7      | Found an opulent altar of Gozag.
  5685 | D:7      | Found an opulent altar of Gozag.
  5688 | D:7      | Found an opulent altar of Gozag.
  6341 | D:7      | Identified the +4 rapier of Untruth {holy, Int+5}
  6342 | D:7      | Found a staircase to the Ecumenical Temple.
  6352 | Temple   | Entered the Ecumenical Temple
  6363 | Temple   | Became a worshipper of Makhleb the Destroyer
  6635 | D:8      | Reached skill level 1 in Dodging
  6635 | D:8      | Noticed a two-headed ogre
  6652 | D:7      | Killed a two-headed ogre
  6653 | D:7      | Reached skill level 1 in Invocations
  7017 | D:8      | Reached XP level 10. HP: 44/88 MP: 4/11
  7307 | D:8      | Identified the +6 quarterstaff of Huce {vamp, Fragile rC+
                  | Dex+3}
  7424 | D:8      | Found a hazy altar of Hepliaklqana.
  7556 | D:8      | Found a staircase to the Lair.
  8018 | D:9      | Reached * piety under Makhleb
  8234 | D:9      | Noticed Maggie
  8257 | D:9      | Killed Maggie
  8505 | D:9      | Found a runed translucent door.
  8507 | D:9      | Noticed DemonSlayer's ghost (journeyman HuBe)
  8529 | D:9      | Killed DemonSlayer's ghost
  8907 | Lair:1   | Entered Level 1 of the Lair of Beasts
  8914 | Lair:1   | Noticed a cane toad
  8922 | Lair:1   | Killed a cane toad
  8928 | Lair:1   | Reached skill level 5 in Dodging
  9307 | Lair:1   | Noticed Grum
  9327 | Lair:1   | Killed Grum
  9490 | Lair:1   | Noticed a cane toad
  9499 | Lair:1   | Killed a cane toad
  9500 | Lair:1   | Reached XP level 11. HP: 97/97 MP: 13/13
  9844 | Lair:1   | Reached skill level 5 in Invocations
  9920 | Lair:1   | Noticed a six-headed hydra
  9923 | Lair:1   | Killed a four-headed hydra
 10268 | Lair:1   | Reached ** piety under Makhleb
 10289 | Lair:2   | Noticed a four-headed hydra
 10300 | Lair:2   | Reached skill level 10 in Armour
 10300 | Lair:2   | Reached skill level 10 in Shields
 10303 | Lair:2   | Reached skill level 10 in Fighting
 10308 | Lair:2   | Killed a one-headed hydra
 10561 | Lair:2   | Noticed an eight-headed hydra
 10568 | Lair:2   | Killed a six-headed hydra
 10569 | Lair:2   | Reached skill level 10 in Axes
 10601 | Lair:2   | Noticed an oklob plant
 10919 | Lair:2   | Reached XP level 12. HP: 108/108 MP: 15/15
 10939 | Lair:2   | Noticed a seven-headed hydra
 10945 | Lair:2   | Killed a three-headed hydra
 11975 | Lair:3   | Found a hole to the Spider Nest.
 12500 | Lair:3   | Noticed a seven-headed hydra
 12510 | Lair:3   | Killed a five-headed hydra
 12529 | Lair:3   | Identified the +8 chain mail "Zaoryalu" {rF+ Will+ Slay+5}
 13025 | Lair:3   | Reached *** piety under Makhleb
 13325 | Lair:3   | Found a staircase to the Swamp.
 13641 | Lair:4   | Identified a scroll of acquirement
 13641 | Lair:4   | Acquired the +3 pair of seven-league boots {Rampage+∞}
 13641 | Lair:4   | Found the +3 pair of seven-league boots {Rampage+∞}
 13700 | Lair:4   | Noticed Rupert
 13708 | Lair:4   | Killed Rupert
 13709 | Lair:4   | Reached XP level 13. HP: 118/118 MP: 18/18
 13731 | Lair:4   | Noticed Urug
 13740 | Lair:4   | Killed Urug
 14357 | Lair:5   | Reached **** piety under Makhleb
 15477 | Lair:6   | Entered Level 6 of the Lair of Beasts
 16025 | Lair:6   | Reached ***** piety under Makhleb
 16312 | Lair:6   | Reached XP level 14. HP: 129/129 MP: 20/20
 16687 | Lair:6   | Found a staircase to the Slime Pits.
 16852 | D:10     | Entered Level 10 of the Dungeon
 17061 | D:10     | Found a staircase to the Orcish Mines.
 17218 | D:10     | Found an iron altar of Okawaru.
 17395 | D:10     | Reached skill level 10 in Invocations
 17493 | Orc:1    | Entered Level 1 of the Orcish Mines
 17700 | Orc:2    | Entered Level 2 of the Orcish Mines
 17726 | Orc:2    | Found a staircase to the Elven Halls.
 17766 | Orc:2    | Reached ****** piety under Makhleb
 17792 | Orc:2    | Found a dark tunnel.
 17801 | Volcano  | Entered a volcano
 17820 | Volcano  | Found a radiant altar of Vehumet.
 19149 | Orc:2    | Found Esaod's Weapon Shoppe.
 19390 | Orc:2    | Found Uxkaiqyt's Antique Weapon Shop.
 19390 | Orc:2    | Noticed an orc warlord
 19406 | Orc:2    | Killed an orc warlord
 19411 | Orc:2    | Found Ucubaff's Antique Armour Boutique.
 19644 | Orc:2    | Found Ixtust's Assorted Antiques.
 19654 | Orc:2    | Bought a scroll of identify for 60 gold pieces
 19654 | Orc:2    | Bought a scroll of teleportation for 90 gold pieces
 19920 | D:1      | Bought the +8 mithril axe "Arga" {speed, Will+} for 1744
                  | gold pieces
 19920 | D:1      | Found the +8 mithril axe "Arga" {speed, Will+}
 20155 | Orc:2    | Bought a pair of runed gloves for 210 gold pieces
 20664 | D:11     | Noticed Josephine
 20671 | D:11     | Killed Josephine
 21018 | D:12     | Found the +8 arc blade {discharge, rElec}
 21496 | D:12     | Reached XP level 15. HP: 138/138 MP: 22/22
 21624 | D:12     | Noticed ZARRMARR's ghost (journeyman MiBe)
 21631 | D:12     | Found a runed translucent gate.
 21631 | D:12     | Found a runed translucent gate.
 21633 | D:12     | Found a runed translucent gate.
 21809 | D:12     | Killed ZARRMARR's ghost
 22165 | D:13     | Found a frozen archway.
 22179 | IceCv    | Entered an ice cave
 22188 | IceCv    | Found a transporter.
 22195 | IceCv    | Found a transporter.
 22405 | D:13     | Found Hoerryla's General Store.
 22413 | D:13     | Bought a +1 pair of gloves of strength for 214 gold pieces
 23012 | D:13     | Found a gate to the Vaults.
 23685 | D:14     | Found the +10 dark maul {vorpal}
 23792 | D:14     | Noticed Kirke
 23803 | D:14     | Killed Kirke
 23920 | D:15     | Entered Level 15 of the Dungeon
 23920 | D:15     | Found a staircase to the Depths.
 24013 | D:15     | Found a runed translucent door.
 24014 | D:15     | Noticed a lich
 24016 | D:15     | Noticed MadAsgardian's ghost (journeyman TrMo)
 24288 | D:15     | Found a runed translucent door.
 24316 | D:15     | Killed a lich
 24317 | D:15     | Reached skill level 15 in Shields
 24323 | D:15     | Reached skill level 15 in Armour
 24359 | D:15     | Killed MadAsgardian's ghost
 24480 | D:15     | Reached XP level 16. HP: 112/147 MP: 16/23
 25136 | Swamp:1  | Entered Level 1 of the Swamp
 25157 | Swamp:1  | Reached skill level 15 in Fighting
 25173 | Swamp:1  | Reached skill level 15 in Axes
 25356 | Swamp:1  | Noticed Nikola
 25375 | Swamp:1  | Killed from afar by Nikola

Illustrated notes

Levels and vault maps discovered:
D:1:      minmay_arrival_four_houses, layout_rooms, serial_shops, shop
D:2:      layout_rooms, ebering_ecumenical_altar_sacrificial, basic_altar,
          minmay_surrounded, uniq_sigmund
D:3:      layout_basic, mainiacjoe_overflow_boulevard, bloody_trog,
          minmay_door_square
D:4:      layout_basic
D:5:      layout_basic
D:6:      layout_loops_ring, mainiacjoe_overflow_cross_hatched, serial_rivers,
          chequers_serial_rivers_micro_a, chequers_serial_rivers_room_b,
          chequers_serial_rivers_room_a, chequers_serial_rivers_small_b,
          uniq_edmund
D:7:      layout_basic, nicolae_elyvilon_peaceful_grove,
          nicolae_gozag_conspicuous_consumption,
          mainiacjoe_overflow_six_doors_small, temple_green
D:8:      layout_basic, mainiacjoe_overflow_alcove_1,
          due_lair_maze_entry_diamond
D:9:      layout_basic, gammafunk_ghost_grave, kennysheep_donut, uniq_maggie
D:10:     layout_loops_ring, okawaru_metal_pillars_3, zombieorc2_lemuel
D:11:     lemuel_reptile_caves, layout_basic, kennysheep_small_circle,
          uniq_josephine
D:12:     minmay_shoctagon, layout_basic, gammafunk_ghost_split,
          chequers_arboretum
D:13:     layout_stronghold, grunt_vaults_entry_fortified, serial_shops, shop,
          portal_ice_cave_entry_imps
D:14:     layout_rooms, nrook_mini_backslash, uniq_kirke
D:15:     gammafunk_depths_entry_grave, layout_loops_ring,
          chequers_serial_rivers_micro_b, muffindrake_ghost_dual_entry,
          roderic_lattice_a
Temple:   nicolae_temple_great_sept
Lair:1:   beast_lair_carwin_large_3, layout_gridlike, dpeg_stationary_puzzle,
          uniq_grum
Lair:2:   layout_gridlike, grunt_megastairs_2, minmay_lair_oklob_chamber,
          lemuel_fruit_fields
Lair:3:   layout_gridlike, nicolae_swamp_entry_splash_gauntlet,
          spider_nest_entry_rubble, beast_lair_carwin_5, lemuel_fruit_tree
Lair:4:   layout_cellular_growth, lemuel_fruit_fields, uniq_urug, uniq_rupert
Lair:5:   layout_cave_pods, st_stairs_10, infiniplex_staircase_pool,
          grunt_megastairs_5
Lair:6:   evilmike_catoblepas_cave, layout_cave_pods,
          minmay_slime_entry_oklob_enclosed, kennysheep_abandoned_house
Swamp:1:  layout_falls_marsh, evilmike_swamp_ruin_rubble_1, uniq_nikola
Orc:1:    cheibrodos_orc_bank, layout_caves, basic_altar, mines3_lemuel
Orc:2:    grunt_orc_community_town_hall, layout_caves,
          grunt_orc_community_big_house_2, grunt_orc_community_big_house_2,
          grunt_orc_community_house_1, grunt_orc_community_house_2,
          grunt_orc_community_house_3, grunt_orc_community_house_3,
          grunt_orc_community_house_1, nicolae_volcano_entry_vermiform

Skill      XL: |  1  2  3  4  5  6  7  8  9 10 11 12 13 14 15 16 |
---------------+-------------------------------------------------+-----
Throwing       | 1 2 3 5 6 |  6.0
Armour         | 4 5 6 7 8 9 10 12 13 14 15 | 15.2
Shields        | 4 5 6 7 8 9 10 12 13 14 15 | 15.0
Fighting       | 4 5 6 7 8 9 10 12 13 14 15 | 15.1
Axes           | 3 4 5 6 7 9 10 11 12 13 14 15 | 15.1
Dodging        | 3 5 7 |  7.7
Invocations    | 2 4 6 8 9 10 11 | 11.9

Action                   |  1- 3 |  4- 6 |  7- 9 | 10-12 | 13-15 | 16-18 || total
-------------------------+-------+-------+-------+-------+-------+-------++-------
Melee: War axe           |    69 |    99 |   188 |    76 |       |       ||   432
       Headbutt          |    11 |    17 |    47 |    91 |   267 |    21 ||   454
       Broad axe         |       |       |       |   315 |   937 |    86 ||  1338
Throw: Dart              |       |       |    12 |     8 |       |       ||    20
Evoke: Wand              |       |       |       |     5 |       |       ||     5
       Tin of tremorston |       |       |       |     1 |       |       ||     1
  Use: Scroll            |       |       |    14 |     7 |     8 |     4 ||    33
       Potion            |       |       |       |     2 |       |     2 ||     4
Armor: Scale mail        |    28 |    35 |    25 |       |       |       ||    88
       Chain mail        |       |       |    17 |    35 |   317 |    19 ||   388
       Plate armour      |       |       |    42 |    50 |       |       ||    92
       Swamp dragon scal |       |       |       |    63 |       |       ||    63
Dodge: Dodged            |    27 |    37 |    73 |   263 |   303 |    29 ||   732
Block: Kite shield       |    39 |    72 |   135 |   329 |   524 |    38 ||  1137
